 Dungeon Crawl Stone Soup version 0.32-a0-876-gcfddb08e57 (webtiles) character file.

Game seed: 14473630047316462170

11 ezpacito the Chopper (level 2, -3/24 HPs)
             Began as a Coglin Chaos Knight on Apr 1, 2024.
             Was a Plaything of Xom.
             Slain by a river rat (13 damage)
             ... on level 1 of the Dungeon.
             The game lasted 00:00:33 (215 turns).

ezpacito the Chopper (Coglin Chaos Knight)           Turns: 215, Time: 00:00:34

Health: -3/24      AC:  5    Str: 11    XL:     2   Next: 25%
Magic:  2/2        EV: 10    Int: 10    God:    Xom [*.....]
Gold:   21         SH:  0    Dex: 17    Spells: 1/1 levels left

rFire   . . .        a - +0 hand axe (chaos) {Kansuke}
rCold   . . .        d - +0 dagger {Leticia}
rNeg    . . .        b - +2 leather armour
rPois   .            (no helmet)
rElec   .            (no cloak)
rCorr   .            (no gloves)
SInv    .            (no boots)
Will    .....        (amulet unavailable)
Stlth   +            (ring unavailable)
HPRegen 0.24/turn    (ring unavailable)
MPRegen 0.08/turn    (no gizmo)

%: no passive effects
@: revved
A: off-hand wielding, slow wielding, warmup strikes, no jewellery, agile 1,
evolution 1
a: Invent Gizmo, Renounce Religion


You were on level 1 of the Dungeon.
You worshipped Xom.
You were a special plaything of Xom.
You visited 1 branch of the dungeon, and saw 1 of its levels.

You collected 21 gold pieces.

Inventory:

Hand Weapons
 a - a +0 hand axe of chaos (weapon) {Kansuke}
 d - a +0 dagger (offhand) {Leticia}
Missiles
 h - 3 poisoned darts (quivered)
Armour
 b - a +2 leather armour (worn)
Scrolls
 c - a scroll of butterflies
 f - a scroll of acquirement {unknown}
 j - a scroll of torment {unknown}
Potions
 e - a potion of brilliance {unknown}
 g - a potion of curing {unknown}
 i - a potion of might {unknown}


   Skills:
 * Level 3.1 Fighting
 * Level 3.1 Axes
 + Level 0.3(1.7) Polearms
 * Level 1.9 Armour
 * Level 1.1 Dodging
 + Level 0.2 Stealth
 + Level 0.1 Spellcasting


You had one spell level left.
You didn't know any spells.
Your spell library was empty.

Dungeon Overview and Level Annotations

Branches:
Dungeon (1/15)

Altars:


Innate Abilities, Weirdness & Mutations

You can wield a second weapon in your off-hand.
It takes a long time for you to wield or remove held weapons.
Your first few attacks do less damage.
You cannot equip rings or amulets.
You are agile. (Dex +4, Str/Int -1)
You have hidden genetic potential.


Message History

Xom's power touches on you for a moment.
Your body is suffused with distortional energy.
You feel agile.
You feel a hidden potential growing inside you.
You are now a special plaything of Xom.
The river rat attacks as it pursues you!
The river rat barely misses you.
You hit the river rat but do no damage.
The river rat is moderately wounded.
You hit the river rat with your +0 hand axe of chaos.
You burn the river rat. The river rat barely misses you.
The river rat bites you.
You take 1 damage, and have 14/24 hp.
You closely miss the river rat with your +0 hand axe of chaos.
The river rat is severely wounded.
You hit the river rat but do no damage. The river rat barely misses you.
You closely miss the river rat with your +0 dagger.
The river rat is severely wounded.
You closely miss the river rat with your +0 hand axe of chaos.
The river rat bites you but does no damage. x2
You closely miss the river rat with your +0 hand axe of chaos.
The river rat is severely wounded.
You closely miss the river rat with your +0 dagger.
The river rat bites you.
You take 2 damage, and have 13/24 hp.
You hit the river rat but do no damage.
The river rat seems to grow stronger.
The river rat is severely wounded.
You hit the river rat with your +0 dagger.
The river rat closely misses you. The river rat misses you.
You hit the river rat but do no damage.
The river rat is severely wounded.
You closely miss the river rat with your +0 hand axe of chaos.
The river rat misses you. The river rat bites you.
You take 4 damage, and have 9/24 hp.
You barely miss the river rat with your +0 dagger.
The river rat is severely wounded.
You closely miss the river rat with your +0 hand axe of chaos.
The river rat bites you!
Ouch! That really hurt!
You die...

#####.#.## ##....#
.####.##.## ##.###.#
..).......###.## #.#
..)........#.#####.#
(..##.##.........#.#
.#.##.###..#####.#.#
##....# #..# #†#.#
#.#### #..# #.#.#
#.# #..# #@#.# ..#
#..# #r# #r...#
...#..... ##$.. ###.
#.#.# #...# ###.# .#


You could see a river rat (fast, strong) and a rat.

Vanquished Creatures
  2 endoplasms (D:1)
  2 goblins (D:1)
  A kobold (D:1)
  A quokka (D:1)
  A ball python (D:1)
  A bat (D:1)
  2 rats (D:1)
10 creatures vanquished.

Notes
Turn   | Place    | Note
-------+----------+-------------------------------------------
     0 | D:1      | ezpacito the Coglin Chaos Knight began the quest for the
                  | Orb.
     0 | D:1      | Reached XP level 1. HP: 18/18 MP: 1/1
    24 | D:1      | XOM: divination: magic mapping
    30 | D:1      | Reached skill level 1 in Dodging
   118 | D:1      | Reached XP level 2. HP: 23/24 MP: 2/2
   151 | D:1      | XOM: smoke on damage
   208 | D:1      | XOM: give mutations
   208 | D:1      | Gained mutation: You are agile. (Dex +4, Str/Int -1) [Xom's
                  | grace]
   208 | D:1      | Gained mutation: You have hidden genetic potential. [Xom's
                  | grace]
   215 | D:1      | Slain by a river rat

Illustrated notes

Levels and vault maps discovered:
D:1:      wander_arrival_lonely_grave, layout_loops_ring,
          ebering_ecumenical_altar_sacrificial, serial_shops, shop

Skill      XL: |  1 |
---------------+----+-----
Dodging        | 1 |  1.1
Fighting       | |  3.1
Axes           | |  3.1
Polearms       | |  0.3
Armour         | |  1.9
Stealth        | |  0.2
Spellcasting   | |  0.1

Action                     || total
---------------------------++-------
  Melee: Hand axe          ||    29
         Dagger            ||    32
 Armour: Leather armour    ||    25
  Dodge: Dodged            ||    24

Table legend: (Time is in decaauts)
 A = Elapsed time spent in this place.
 B = Non-inter-level travel time spent in this place.
 C = Inter-level travel time spent in this place.
 D = Time resting spent in this place.
 E = Time spent auto-exploring this place.
 F = Levels seen in this place.
 G = Mean time per level.
                   A        B        C        D        E       F      G
               +--------+--------+--------+--------+--------+-----+--------+
         Total |    217 |    217 |      0 |      0 |    137 |   1 |  217.0 |
       Dungeon |    217 |    217 |      0 |      0 |    137 |   1 |  217.0 |
               +--------+--------+--------+--------+--------+-----+--------+

Top non-repeatable levels by time:
     D:1: 217 daAuts
